 Dungeon Crawl Stone Soup version 0.14-a0-2019-gd9bc7f0 (webtiles) character file.

299 Nicoed the Skirmisher (level 5, -1/47 HPs)
             Began as a Minotaur Fighter on Jan 19, 2014.
             Slain by a fire bat (8 damage)
             ... on Level 4 of the Dungeon.
             The game lasted 00:07:20 (2425 turns).

Nicoed the Skirmisher (Minotaur Fighter)            Turns: 2425, Time: 00:07:20

HP  -1/47        AC  4     Str 22      XL: 5   Next: 59%
MP   2/2         EV 14     Int  5      God:
Gold 86          SH 19     Dex  9      Spells:  0 memorised,  4 levels left

rFire  . . .     SeeInvis .     a - +0 falchion
rCold  . . .     Clarity  .     w - +0 leather armour (curse)
rNeg   . . .     Conserve .     c - +0 shield
rPois  .         rCorr    .     (helmet restricted)
rElec  .         rRot     .     o - +0 elf cloak
SustAb . .       Spirit   .     (no gloves)
rMut   .         Warding  .     (no boots)
Saprov . . .     Stasis   .     (no amulet)
MR     .....                    p - ring of flight
                                e - +5 ring of evasion

@: not resistant to hostile enchantments, unstealthy
A: retaliatory headbutt, horns 2
a: Evoke Flight


You were on level 4 of the Dungeon.
You were hungry.

You visited 1 branch of the dungeon, and saw 5 of its levels.

You collected 86 gold pieces.

Inventory:

Hand weapons
 a - a +0,+0 falchion (weapon)
Armour
 c - a +0 shield (worn)
 o - a +0 elven cloak (worn)
 w - a cursed +0 leather armour (worn)
Magical devices
 t - a wand of polymorph (12)
Comestibles
 d - a bread ration
 x - a pear
Scrolls
 b - a scroll of fear {unknown}
 f - a scroll of curse weapon {unknown}
 g - 4 scrolls of identify {unknown}
 h - a scroll of recharging {unknown}
 m - 2 scrolls of remove curse {unknown}
 u - a scroll of enchant weapon II {unknown}
 v - a scroll of immolation {unknown}
 y - a scroll of magic mapping {unknown}
 z - a scroll of curse armour {unknown}
Jewellery
 e - a +5 ring of evasion (left hand)
 p - a ring of flight (right hand)
Potions
 i - 2 potions of brilliance {unknown}
 j - 2 potions of heal wounds {unknown}
 k - a potion of might {unknown}
 l - a potion of lignification
 n - 2 potions of curing {unknown}
 q - 2 potions of speed {unknown}
 r - a potion of invisibility {unknown}
 s - a potion of flight {unknown}


   Skills:
 + Level 4.7 Fighting
 + Level 3.8 Long Blades
 + Level 4.6 Armour
 + Level 2.5 Dodging
 + Level 4.6 Shields


You had 4 spell levels left.
You didn't know any spells.

Dungeon Overview and Level Annotations

Branches:
Dungeon (5/16)
 Temple: D:4-7

Altars:
Kikubaaqudgha

Annotations:
D:5 Restia's ghost, average TeHu


Innate Abilities, Weirdness & Mutations

You reflexively headbutt those who attack you in melee.
You have a pair of horns on your head.


Message History

Unknown command.
Unknown command.
Zapping:
t - a wand of polymorph {zapped: 1}
Press: ? - help, Shift-Dir - straight line, f - orc priest
Aim: an orc priest, wielding an orcish club The orc priest evaporates and reforms as a fire bat!
The orc hits you with a glowing orcish flail.
* * * LOW HITPOINT WARNING * * *
Unknown command.
You block the fire bat's attack. The orc barely misses you.
You furiously retaliate!
You headbutt the orc, but do no damage. You block the fire bat's attack.
The fire bat misses you. The orc hits you but does no damage.
The fire bat completely misses you. You furiously retaliate!
You headbutt the fire bat, but do no damage.
You block the fire bat's attack. The fire bat bites you.
* * * LOW HITPOINT WARNING * * *
You are engulfed in flames!
You die...

. ... ..#...#### ...........#
##### .<.....##...######...#
........##....##......#########.
..........!......................
.............(..%................
..................o.......(......
........%.......@b..s.o..........
...................o...??........
.......###########...#####)......
.......#### #.....># #......
......%...# #......# #...##
..........# ##...........##
.......<..# ####...... .#
.........## ...... . ...........
#####


You could see a fire bat, a scorpion and 3 orcs.

Vanquished Creatures
  An orc wizard (D:3)
  A scorpion (D:4)
  3 gnolls (D:3)
  3 adders
  A giant centipede (D:3)
  2 worms
  4 giant geckos
  An ooze (D:3)
  6 orcs (D:3)
  4 bats
  9 goblins
  11 hobgoblins
  2 quokkas
  A ball python (D:2)
  6 giant newts
  6 jackals
  12 kobolds
  2 orc skeletons (D:4)
  7 rats
82 creatures vanquished.

Vanquished Creatures (others)
  A human (D:2)
1 creature vanquished.

Grand Total: 83 creatures vanquished

Notes
Turn   | Place    | Note
--------------------------------------------------------------
     0 | D:1      | Nicoed, the Minotaur Fighter, began the quest for the Orb.
     0 | D:1      | Reached XP level 1. HP: 19/19 MP: 1/1
   441 | D:1      | Reached XP level 2. HP: 17/27 MP: 1/1
   632 | D:1      | Reached skill level 1 in Dodging
  1025 | D:2      | Reached skill level 4 in Fighting
  1139 | D:2      | Reached XP level 3. HP: 25/33 MP: 2/2
  1275 | D:2      | Found an ancient bone altar of Kikubaaqudgha.
  1275 | D:2      | Noticed a human
  1278 | D:2      | Killed a human
  1516 | D:3      | Reached XP level 4. HP: 31/40 MP: 2/2
  1700 | D:3      | Reached XP level 5. HP: 33/47 MP: 2/2
  2246 | D:5      | Entered Level 5 of the Dungeon
  2416 | D:5      | Noticed Restia's ghost (average TeHu)
  2419 | D:4      | Noticed a fire bat
  2419 | D:4      | an orc priest changed into a fire bat
  2425 | D:4      | Slain by a fire bat

Action                   |  1- 3 |  4- 6 || total
-------------------------+-------+-------++-------
Melee: Falchion          |    98 |   122 ||   220
Evoke: Wand              |       |     2 ||     2
  Use: Potion            |       |     1 ||     1
